 Dungeon Crawl Stone Soup version 0.30.0-5-g1a98f26d00 (webtiles) character file.

Game seed: 6646591964186552817

5014 bmack86 the Cleaver (level 10, -8/89 HPs)
             Began as a Minotaur Fighter on May 8, 2023.
             Killed from afar by a steam dragon (15 damage)
             ... with a ball of steam
             ... on level 8 of the Dungeon.
             The game lasted 00:18:12 (6712 turns).

bmack86 the Cleaver (Minotaur Fighter)              Turns: 6712, Time: 00:18:12

Health: -8/89      AC: 12    Str: 24    XL:     10   Next: 30%
Magic:  9/9        EV:  8    Int:  5    God:
Gold:   351        SH:  9    Dex: 11    Spells: 9/9 levels left

rFire   . . .        B - +3 war axe (freeze)
rCold   . . .        g - +3 warlock's mirror {omnireflect}
rNeg    . . .        t - +1 chain mail
rPois   +            (helmet restricted)
rElec   .            (no cloak)
rCorr   .            (no gloves)
SInv    +            (no boots)
Will    .....        k - amulet of regeneration Stlth
                     j - ring of see invisible
HPRegen 1.14/turn    v - ring of poison resistance
MPRegen 0.11/turn

%: reflection
@: no status effects
A: horns 2, retaliatory headbutt
a: no special abilities


You were on level 8 of the Dungeon.
You visited 2 branches of the dungeon, and saw 9 of its levels.

You collected 351 gold pieces.

Inventory:

Hand Weapons
 z - a +2 heavy war axe
 B - a +3 war axe of freezing (weapon)
 G - a +0 broad axe
Missiles
 e - 2 throwing nets
 o - 33 poisoned darts
 r - 4 boomerangs (quivered)
 s - 5 curare-tipped darts
 D - 4 javelins
Armour
 g - the +3 warlock's mirror (worn) {omnireflect}
   (You acquired it on level 2 of the Dungeon)

   Omnireflect: It can block and reflect piercing ranged attacks and magical
   attacks against the wielder's willpower.
 t - a +1 chain mail (worn)
Jewellery
 b - an amulet of faith
 f - an amulet of reflection
 j - a ring of see invisible (left hand)
 k - an amulet of regeneration (around neck)
 u - a ring of wizardry
 v - a ring of poison resistance (right hand)
 A - a +6 ring of intelligence
 F - a ring of fire
 H - a +6 ring of intelligence
Wands
 l - a wand of roots (6)
Scrolls
 w - a scroll of teleportation
 x - a scroll of blinking
 y - 2 scrolls of amnesia
 E - a scroll of magic mapping
Potions
 a - a potion of magic {unknown}
 c - a potion of resistance {unknown}
 d - a potion of cancellation {unknown}
 h - 3 potions of curing
 i - 2 potions of flight
 m - 2 potions of invisibility {unknown}
 n - 3 potions of brilliance
 p - a potion of haste {unknown}
 q - 3 potions of attraction
 C - a potion of mutation {unknown}


   Skills:
 + Level 8.3 Fighting
 * Level 10.9 Axes
 + Level 5.7 Throwing
 + Level 8.3 Armour
 + Level 8.5 Shields


You had 9 spell levels left.
You didn't know any spells.
Your spell library contained the following spells:

 Spells                   Type           Power      Damage    Failure   Level
 Necrotise                Necr           0%         1d4       96%         1
 Sandblast                Erth           0%         2d4       96%         1
 Ensorcelled Hibernation  Hex/Ice        0%         N/A       99%         2
 Passwall                 Tmut/Erth      0%         N/A       99%         2
 Poisonous Vapours        Pois/Air       0%         N/A       99%         2
 Gell's Gravitas          Tloc           0%         N/A       100%        3
 Mephitic Cloud           Conj/Pois/Air  0%         N/A       100%        3
 Stone Arrow              Conj/Erth      0%         3d7       100%        3
 Swiftness                Air            0%         N/A       100%        3
 Teleport Other           Tloc           0%         N/A       100%        3
 Vampiric Draining        Necr           0%         2d6       100%        3
 Volatile Blastmotes      Fire/Tloc      0%         2d10      100%        3
 Animate Armour           Summ/Erth      0%         N/A       100%        4
 Fulminant Prism          Conj/Hex       0%         3d5       100%        4
 Iskenderun's Mystic Bla  Conj/Tloc      0%         2d3       100%        4
 Olgreb's Toxic Radiance  Pois           0%         N/A       100%        4
 Agony                    Necr           0%         N/A       100%        5
 Freezing Cloud           Conj/Ice/Air   0%         6-21      100%        5
 Lee's Rapid Deconstruct  Erth           0%         3d4*      100%        5
 Dispersal                Tloc           0%         N/A       100%        6
 Discord                  Hex            0%         N/A       100%        8
 Ignition                 Fire           0%         3d3       100%        8
 Lehudib's Crystal Spear  Conj/Erth      0%         10d2      100%        8


Dungeon Overview and Level Annotations

Branches:
Dungeon (8/15)             Temple (1/1) D:6
   Lair: D:8-11

Altars:
Ashenzari
Cheibriados
Dithmenos
Elyvilon
Hepliaklqana
Kikubaaqudgha
Makhleb
Nemelex Xobeh
Qazlal
Ru
Sif Muna
Trog
Uskayaw
Vehumet
Xom
Yredelemnul
Zin

Shops:
D:2 (


Innate Abilities, Weirdness & Mutations

You have a pair of horns on your head.
You reflexively headbutt those who attack you in melee.


Message History

Sorry, you're not good enough to have a special ability.
You barely miss the two-headed ogre.
Your headbutt misses the two-headed ogre.
The two-headed ogre hits you with a +0 giant spiked club!!
The two-headed ogre barely misses you.
You slash the two-headed ogre! You freeze the two-headed ogre.
You headbutt the two-headed ogre!
The two-headed ogre is heavily wounded.
The two-headed ogre hits you with a +0 giant spiked club!
You block the two-headed ogre's attack.
You slice the two-headed ogre!! You freeze the two-headed ogre.
The two-headed ogre is almost dead.
A steam dragon comes into view.
You barely miss the two-headed ogre. You headbutt the two-headed ogre.
The two-headed ogre is almost dead.
The two-headed ogre hits you with a +0 giant spiked club!!
The two-headed ogre hits you with a +0 dire flail!
* * * LOW HITPOINT WARNING * * *
You completely miss the two-headed ogre.
The two-headed ogre is almost dead.
The steam dragon breathes steam at you. The ball of steam hits you!
* * * LOW HITPOINT WARNING * * *
The two-headed ogre barely misses you. You furiously retaliate!
You headbutt the two-headed ogre. You block the two-headed ogre's attack.
You are engulfed in a cloud of scalding steam.
* * * LOW HITPOINT WARNING * * *
Things that are here:
a vampire mosquito corpse; a yak corpse The sentinel's mark upon you fades away.
The two-headed ogre hits you with a +0 giant spiked club.
* * * LOW HITPOINT WARNING * * *
You block the two-headed ogre's attack.
Things that are here:
a vampire mosquito corpse; a yak corpse You slash the two-headed ogre!
You freeze the two-headed ogre.
You kill the two-headed ogre!
The steam dragon breathes steam at you. The ball of steam hits you!
You die...

.####.#########.....##
##..#
#.#...#.'.....'.##...##
##.####
##.##.#########.###...##
#..##. #.###...#^^^^^#.#
##...## ##.... ###
##..#.#.#.#.##
###..#####...#
#..#######..#
##..##.....#
#...........#
#.....###..
#.#..#####.†# ##>..##
##. #....#
##@#######..## #.
###..## #.D.......## ##
#####....# ##.........#
##. #.#...#...#
#..#######.######..
#..######..####..#
#..##....# ...#
#...#...# #......###
...## #......##
##.....## #...#
##......#####.....## #
##..#
##...#.##........#####


You could see a steam dragon (catching breath).

Vanquished Creatures
  A two-headed ogre (D:8)
  A troll (D:7)
  Eustachio (D:3)
  4 yaks (D:8)
  A vampire mosquito (D:8)
  Edmund (D:6)
  2 water moccasins (D:7)
  Duvessa (D:6)
  An orc warrior (D:7)
  2 ice beasts
  A black bear (D:6)
  An ogre (D:6)
  A centaur (D:7)
  A phantom (D:7)
  A kobold brigand (D:8)
  2 bullfrogs
  4 wights (D:6)
  Dowan (D:6)
  8 killer bees
  A howler monkey (D:8)
  2 gnoll boudas
  2 jellies
  4 orc priests
  8 hounds
  Natasha (thrice) (D:2)
  9 iguanas
  8 orc wizards
  A sleepcap (D:5)
  2 killer bee zombies (D:8)
  17 gnolls
  4 adders
  7 river rats (D:5)
  4 white imps
  3 ufetubi
  A worm (D:2)
  2 dart slugs
  36 orcs
  5 bats
  11 endoplasms
  3 giant cockroaches
  8 goblins
  4 hobgoblins
  13 kobolds
  3 quokkas
  7 ball pythons
  A frilled lizard (D:2)
  18 rats
222 creatures vanquished.

Notes
Turn   | Place    | Note
-------+----------+-------------------------------------------
     0 | D:1      | bmack86 the Minotaur Fighter began the quest for the Orb.
     0 | D:1      | Reached XP level 1. HP: 19/19 MP: 0/0
   134 | D:1      | Reached XP level 2. HP: 22/27 MP: 1/1
   390 | D:1      | Reached skill level 3 in Axes
   729 | D:2      | Found Cixui's Weapon Boutique.
   757 | D:2      | Reached XP level 3. HP: 27/33 MP: 2/2
   898 | D:2      | Noticed Natasha
   905 | D:2      | Killed Natasha
   906 | D:2      | Reached XP level 4. HP: 32/40 MP: 3/3
  1051 | D:2      | Noticed Natasha
  1054 | D:2      | Killed Natasha
  1055 | D:2      | Reached skill level 4 in Axes
  1210 | D:2      | Identified a scroll of acquirement
  1210 | D:2      | Acquired the +3 warlock's mirror {omnireflect}
  1210 | D:2      | Found the +3 warlock's mirror {omnireflect}
  1214 | D:2      | Noticed Natasha
  1239 | D:2      | Killed Natasha
  1508 | D:3      | Found a faded altar of an unknown god.
  1519 | D:3      | Got Plato's Compilation of Spelunking
  1530 | D:3      | Reached XP level 5. HP: 47/47 MP: 4/4
  1762 | D:3      | Found a hazy altar of Hepliaklqana.
  1910 | D:3      | Found a shimmering blue altar of Sif Muna.
  2138 | D:3      | Found a bloodstained altar of Trog.
  2308 | D:4      | Noticed Eustachio
  2325 | D:3      | Reached skill level 1 in Throwing
  2451 | D:3      | Reached skill level 5 in Axes
  2585 | D:4      | Noticed an ice beast
  2591 | D:4      | Killed an ice beast
  2592 | D:4      | Reached XP level 6. HP: 21/55 MP: 5/5
  2721 | D:3      | Killed Eustachio
  2722 | D:3      | Reached skill level 5 in Fighting
  2722 | D:3      | Reached skill level 5 in Armour
  2722 | D:3      | Reached skill level 5 in Shields
  2792 | D:4      | Reached XP level 7. HP: 59/61 MP: 6/6
  2908 | D:4      | Found a shadowy altar of Dithmenos.
  3151 | D:5      | Entered Level 5 of the Dungeon
  3171 | D:5      | Reached skill level 6 in Axes
  3256 | D:5      | Found a snail-covered altar of Cheibriados.
  3666 | D:5      | Found an ancient bone altar of Kikubaaqudgha.
  3857 | D:6      | Reached skill level 7 in Axes
  3857 | D:6      | Reached XP level 8. HP: 66/70 MP: 7/7
  4171 | D:6      | Reached skill level 8 in Axes
  4174 | D:6      | Noticed Duvessa
  4175 | D:6      | Found a staircase to the Ecumenical Temple.
  4175 | D:6      | Noticed Dowan
  4184 | D:6      | Killed Dowan
  4188 | D:6      | Killed Duvessa
  4198 | Temple   | Entered the Ecumenical Temple
  4699 | D:6      | Noticed Edmund
  4712 | D:6      | Killed Edmund
  4713 | D:6      | Reached XP level 9. HP: 77/78 MP: 8/8
  5094 | D:7      | Found a broken altar of Ashenzari.
  5107 | D:7      | Reached skill level 9 in Axes
  5626 | D:8      | Noticed a troll
  5635 | D:7      | Killed a troll
  5636 | D:7      | Reached skill level 5 in Throwing
  5665 | D:8      | Reached skill level 10 in Axes
  5770 | D:8      | Identified the +0 ring mail of Quantum Leap {rPois}
  5808 | D:8      | Reached XP level 10. HP: 55/88 MP: 9/9
  5968 | D:8      | Found a burning altar of Makhleb.
  5970 | D:8      | Found a glowing silver altar of Zin.
  5970 | D:8      | Noticed an angel
  5971 | D:8      | Noticed a green death
  6215 | D:8      | Found a radiant altar of Vehumet.
  6555 | D:8      | Found a basalt altar of Yredelemnul.
  6665 | D:8      | Noticed a two-headed ogre
  6707 | D:8      | HP: 3/88 [something] (11)]
  6711 | D:8      | Killed a two-headed ogre
  6712 | D:8      | Killed from afar by a steam dragon

Illustrated notes

Levels and vault maps discovered:
D:1:      dpeg_arrival_shelter, layout_basic, minmay_pentomino_o4
D:2:      layout_basic, serial_shops, nicolae_shop_statue_plus,
          hangedman_abyss_or_decor_stabs, minmay_split_cup_large, uniq_natasha
D:3:      layout_basic, lemuel_doored_altar, trog_book,
          worldfamousw_hep_ancestral_shrine, shapermc_ecumenical_altar_rom_forum
D:4:      layout_rooms, grunt_dithmenos_smoke, kennysheep_small_square,
          uniq_eustachio
D:5:      layout_cave_pools, cheibriados_altar_1, kiku_gazebo_pond_becter,
          dk_rats_in_the_wall
D:6:      layout_loops_corners, minmay_temple_entry_junction_2, uniq_duvessa,
          uniq_edmund
D:7:      layout_loops_ring, cheibrodos_ashenzari_chains,
          nicolae_concentric_dashed_squares_wild
D:8:      layout_layer_cave, grunt_temple_overflow_order_and_chaos_2,
          lemuel_zombie_altar_yredelemnul, grunt_temple_overflow_diamond,
          lemuel_round_altar, hex_large, grunt_tough_drop
Temple:   nicolae_temple_ecumenical_triangle

Skill      XL: |  1  2  3  4  5  6  7  8  9 |
---------------+----------------------------+-----
Axes           | 3 4 5 7 8 10 | 10.9
Fighting       | 4 5 6 8 |  8.3
Armour         | 4 5 6 8 |  8.3
Shields        | 4 5 6 8 |  8.5
Throwing       | 1 3 4 5 |  5.7

Action                     |  1- 3 |  4- 6 |  7- 9 | 10-12 || total
---------------------------+-------+-------+-------+-------++-------
  Melee: War axe           |    44 |    86 |   284 |    37 ||   451
         Headbutt          |     5 |    11 |    43 |     8 ||    67
  Throw: Throwing net      |       |     1 |       |       ||     1
    Use: Scroll            |     6 |     6 |     5 |       ||    17
         Potion            |       |       |     2 |       ||     2
   Stab: Held in net/web   |       |     1 |       |       ||     1
 Armour: Scale mail        |    25 |    37 |       |       ||    62
         Chain mail        |       |       |   148 |    18 ||   166
  Dodge: Dodged            |    15 |    54 |   114 |    12 ||   195
  Block: Buckler           |    29 |     8 |   170 |    19 ||   226
         Other             |       |    27 |       |       ||    27
         Reflection        |       |     2 |     3 |       ||     5
